 Dungeon Crawl Stone Soup version 0.30-a0-2-gf48d83f5e2 (webtiles) character file.

Game seed: 11949694943053525311

235 frimble the Digger (level 5, -2/37 HPs)
             Began as a Demonspawn Earth Elementalist on Aug 20, 2022.
             Slain by Terence
             ... wielding a +1 mace of holy wrath
              (4 damage)
             ... on level 2 of the Dungeon.
             The game lasted 00:01:58 (2112 turns).

frimble the Digger (Demonspawn Earth Elementalist)  Turns: 2112, Time: 00:01:58

Health: -2/37      AC: 15    Str:  8    XL:     5   Next: 76%
Magic:  8/8        EV: 11    Int: 16    God:
Gold:   108        SH:  0    Dex: 16    Spells: 7/8 levels left

rFire   . . .      SeeInvis .    e - +0 short sword (spect)
rCold   . . .      Faith    .    (no shield)
rNeg    . . .      Spirit   .    p - +2 leather armour {Will+}
rPois   .          Reflect  .    (no helmet)
rElec   .          Harm     .    (no cloak)
rCorr   .          Rampage  .    (no gloves)
Will    +....                    (no boots)
Stlth   ++........               (no amulet)
HPRegen 0.12/turn                g - +4 ring of protection
MPRegen 0.11/turn                (no ring)

@: sanguine armoured
A: spiny 1, sanguine armour 1
a: no special abilities


You were on level 2 of the Dungeon.
You visited 1 branch of the dungeon, and saw 2 of its levels.

You collected 108 gold pieces.

Inventory:

Hand Weapons
 e - a +0 spectral short sword (weapon)
 f - a +0 falchion
Armour
 a - a +0 robe
 p - a +2 leather armour of willpower (worn)
Jewellery
 g - a +4 ring of protection (left hand)
Scrolls
 j - a scroll of brand weapon
 m - 3 scrolls of identify {unknown}
 o - a scroll of enchant weapon {unknown}
Potions
 b - a potion of magic
 c - a potion of attraction {unknown}
 d - 4 potions of curing {unknown}
 h - a potion of brilliance
 i - a potion of haste {unknown}
 k - a potion of flight {unknown}
 l - 2 potions of lignification {unknown}
 n - a potion of degeneration {unknown}


   Skills:
 + Level 1.0 Fighting
 + Level 2.7 Short Blades
 - Level 1.7 Dodging
 - Level 1.7 Stealth
 - Level 2.0 Spellcasting
 - Level 3.0 Transmutations
 - Level 4.0 Earth Magic


You had 7 spell levels left.
You knew the following spells:

 Your Spells              Type           Power      Damage    Failure   Level
a - Sandblast             Erth           28%        2d8       6%          1

Your spell library contained the following spells:

 Spells                   Type           Power      Damage    Failure   Level
 Passwall                 Tmut/Erth      10%        N/A       11%         2
 Apportation              Tloc           2%         N/A       30%         1
 Necrotise                Necr           4%         1d4       30%         1
 Stone Arrow              Conj/Erth      16%        3d8       36%         3
 Static Discharge         Conj/Air       1%         3-4/arc   41%         2
 Petrify                  Tmut/Erth      12%        N/A       56%         4
 Vampiric Draining        Necr           1%         2d6       65%         3
 Dispel Undead            Necr           1%         3d6       96%         4
 Sticky Flame             Conj/Fire      1%         2d3       96%         4
 Alistair's Intoxication  Tmut/Pois      4%         N/A       99%         5
 Agony                    Necr           1%         N/A       100%        5


Dungeon Overview and Level Annotations

Branches:
Dungeon (2/15)

Altars:

Annotations:
D:2 Terence


Innate Abilities, Weirdness & Mutations

You are partially covered in sharp spines.
When seriously injured, your blood forms armour. (AC +6)


Message History

Your +0 spectral short sword hits Terence.
Terence is struck by your spines. Terence closely misses you.
Terence barely misses you.
You barely miss Terence.
Terence is moderately wounded.
Your +0 spectral short sword completely misses Terence.
Terence is struck by your spines.
Terence hits you with a +1 mace of holy wrath.
Your blood congeals into armour.
You convulse.
You are too injured to fight recklessly!
You are too injured to fight recklessly!
You are too injured to fight recklessly!
You are too injured to fight recklessly!
You are too injured to fight recklessly!
You are too injured to fight recklessly!
You are too injured to fight recklessly!
You are too injured to fight recklessly!
You are too injured to fight recklessly!
You are too injured to fight recklessly!
You are too injured to fight recklessly!
You are too injured to fight recklessly!
You are too injured to fight recklessly!
You are too injured to fight recklessly!
You are too injured to fight recklessly!
You are too injured to fight recklessly!
You are too injured to fight recklessly!
You hit Terence.
Terence is heavily wounded.
Your +0 spectral short sword hits Terence.
Terence is struck by your spines. Terence closely misses you.
Terence hits you with a +1 mace of holy wrath.
You convulse.
* * * LOW HITPOINT WARNING * * *
You hit Terence but do no damage.
Terence is severely wounded.
Your +0 spectral short sword closely misses Terence.
Terence hits you with a +1 mace of holy wrath!
* * * LOW HITPOINT WARNING * * *
You convulse.
You die...

# #...............#
#~≈≈~~## #
#...............#
#~≈≈~### #
#...............# #~≈≈~#
# # #...............#
#~≈≈~###
#######...............##
#~≈≈~~##
'......................>
#~~≈≈~##
################§.......
##~≈≈~## # #.§....##
#~≈≈~~# # #@§....#
#~~≈≈~# ##@.#### ##~≈≈~~
(## #~~≈≈~ .. ###~≈≈~
##. ...~~~~ ## ##.....
###### # #


You could see Terence (berserk) and a friendly +0 spectral short sword
(summoned).

Vanquished Creatures
  Sigmund (D:2)
  An iguana (D:2)
  2 adders (D:2)
  2 worms (D:2)
  An endoplasm (D:2)
  2 giant cockroaches (D:2)
  A goblin (D:1)
  4 hobgoblins (D:2)
  2 quokkas (D:2)
  3 ball pythons (D:2)
  3 bats
  4 kobolds
  7 rats
33 creatures vanquished.

Notes
Turn   | Place    | Note
-------+----------+-------------------------------------------
     0 | D:1      | frimble the Demonspawn Earth Elementalist began the quest
                  | for the Orb.
     0 | D:1      | Reached XP level 1. HP: 13/13 MP: 3/3
    11 | D:1      | Reached skill level 1 in Transmutations
    61 | D:1      | Found a faded altar of an unknown god.
  1075 | D:2      | Gained mutation: When seriously injured, your blood forms
                  | armour. (AC +6) [demonic ancestry]
  1075 | D:2      | Reached XP level 2. HP: 9/19 MP: 5/5
  1244 | D:2      | Noticed Sigmund
  1257 | D:2      | Killed Sigmund
  1258 | D:2      | Reached skill level 3 in Earth Magic
  1258 | D:2      | Reached XP level 3. HP: 7/24 MP: 6/6
  1258 | D:2      | Reached XP level 4. HP: 9/30 MP: 7/7
  1258 | D:2      | Gained mutation: You are partially covered in sharp spines.
                  | [demonic ancestry]
  1258 | D:2      | Reached XP level 5. HP: 11/35 MP: 8/8
  1883 | D:2      | Reached skill level 4 in Earth Magic
  2021 | D:2      | Reached skill level 1 in Fighting
  2101 | D:2      | Noticed Terence
  2112 | D:2      | Slain by Terence

Illustrated notes

Levels and vault maps discovered:
D:1:      mushboom_english_gardens, layout_loops_cross,
          ebering_ecumenical_altar_rust
D:2:      wander_river, layout_basic, minmay_circle_x, uniq_sigmund,
          uniq_terence

Skill      XL: |  1  2  3  4  5 |
---------------+----------------+-----
Transmutations | 1 2 3 |  3.0
Short Blades   | 2 |  2.7
Earth Magic    | 3 4 |  4.0
Fighting       | 1 |  1.0
Dodging        | |  1.7
Stealth        | |  1.7
Spellcasting   | |  2.0

Action                   |  1- 3 |  4- 6 || total
-------------------------+-------+-------++-------
Melee: Short sword       |    24 |    46 ||    70
 Cast: Sandblast         |     8 |       ||     8
  Use: Scroll            |     2 |       ||     2
 Stab: Sleeping          |     2 |     2 ||     4
       Distracted        |       |     1 ||     1
Armor: Robe              |     2 |     7 ||     9
       Leather armour    |       |     1 ||     1
Dodge: Dodged            |     8 |    17 ||    25

Table legend: (Time is in decaauts)
 A = Elapsed time spent in this place.
 B = Non-inter-level travel time spent in this place.
 C = Inter-level travel time spent in this place.
 D = Time resting spent in this place.
 E = Time spent auto-exploring this place.
 F = Levels seen in this place.
 G = Mean time per level.
                   A        B        C        D        E       F      G
               +--------+--------+--------+--------+--------+-----+--------+
         Total |   2132 |   2095 |     37 |      0 |   1826 |   2 | 1066.0 |
       Dungeon |   2132 |   2095 |     37 |      0 |   1826 |   2 | 1066.0 |
               +--------+--------+--------+--------+--------+-----+--------+

Top non-repeatable levels by time:
     D:1: 1066 daAuts
     D:2: 1066 daAuts
